 Dungeon Sprint DCSS version 0.22-a0-44-geb883ae (webtiles) character file.

168 Kidiri the Thaumaturge (level 5, -7/25 HPs)
             Began as a Deep Elf Fire Elementalist on Jan 7, 2018.
             Was an Initiate of Vehumet.
             Killed from afar by a deep elf mage (29 damage)
             ... with a bolt of lightning
             ... in the Dungeon (Sprint III: "The Ten Rune Challenge").
             The game lasted 00:03:09 (480 turns).

Kidiri the Thaumaturge (Deep Elf Fire Elementalist)  Turns: 480, Time: 00:03:12

Health: -7/25      AC:  2    Str:  5    XL:     5   Next: 24%
Magic:  8/19       EV: 13    Int: 21    God:    Vehumet [......]
Gold:   21         SH:  0    Dex: 15    Spells: 3/24 levels left

rFire    . . .     SeeInvis .   l - +0 dagger
rCold    . . .     Gourm    .   (no shield)
rNeg     . . .     Faith    .   a - +0 robe
rPois    .         Spirit   .   (no helmet)
rElec    .         Reflect  .   (no cloak)
rCorr    .         Harm     .   (no gloves)
MR       .....     NoTele   +   (no boots)
Stlth    ++........             (no amulet)
HPRegen  0.08/turn              (no ring)
MPRegen  0.16/turn              (no ring)

@: no status effects
A: blink, deterioration 1, frail 1, mutation resistance 1
a: Blink, Renounce Religion


You were in the Dungeon.
You worshipped Vehumet.
Vehumet was noncommittal.
You were not hungry.

You visited 1 branch You collected 21 gold pieces.

Inventory:

Hand Weapons
 l - a +0 dagger (weapon)
Armour
 a - a +0 robe (worn)
Scrolls
 i - a scroll of blinking
 m - 2 scrolls of holy word
 n - 3 scrolls of identify
 o - 3 scrolls of remove curse
Potions
 d - 2 potions of curing
 e - a potion of heal wounds
 f - a potion of haste
 g - 2 potions of magic
 h - a potion of berserk rage
 p - 3 potions of flight
Books
 k - a book of Minor Magic

   Spells                             Type                      Level
   a - Magic Dart                     Conjuration                  1
   b - Blink                          Translocation                2
   c - Call Imp                       Summoning                    2
   d - Slow                           Hexes                        2
   e - Conjure Flame                  Conjuration/Fire             3
   f - Mephitic Cloud                 Conjuration/Poison/Air       3
Comestibles
 c - 3 rations
 j - 3 chunks of flesh


   Skills:
 - Level 2.4 Dodging
 - Level 2.4 Stealth
 * Level 10.2 Spellcasting
 + Level 5.8 Conjurations
 + Level 6.7 Fire Magic
 + Level 0.0 Air Magic
 + Level 0.0 Poison Magic


You had 3 spell levels left.
You knew the following spells:

 Your Spells              Type           Power        Failure   Level  Hunger
a - Flame Tongue          Conj/Fire      #####        1%          1    None
b - Throw Flame           Conj/Fire      #####.       1%          2    None
c - Conjure Flame         Conj/Fire      #####...     1%          3    None
d - Inner Flame           Hex/Fire       ###.....     4%          3    None
e - Sticky Flame          Conj/Fire      #####...     4%          4    ##.....
f - Fireball              Conj/Fire      #####.....   13%         5    ####...
g - Mephitic Cloud        Conj/Pois/Air  ###.....     9%          3    None


Dungeon Overview and Level Annotations

Branches:
Dungeon (1/1)

Altars:
Elyvilon
Kikubaaqudgha
Sif Muna
Vehumet
Zin
The Shining One


Innate Abilities, Weirdness & Mutations

You can translocate small distances at will.
Your body sometimes deteriorates upon taking damage.
You are frail. (-10% HP)
You are somewhat resistant to further mutation.


Message History

Casting: Mephitic Cloud
Confirm with . or Enter, or press ? or * to list all spells.
Aiming: Flame Tongue
Press: ? - help, Shift-Dir - straight line, f/p - deep elf mage
Aim: a deep elf mage, wielding a long sword of holy wrath (noxious fumes, heavily wounded, covered in liquid flames)
The flame tongue hits the deep elf mage.
The deep elf mage is severely wounded.
The deep elf mage burns!
Casting: Flame Tongue
Confirm with . or Enter, or press ? or * to list all spells.
Aiming: Flame Tongue
Press: ? - help, Shift-Dir - straight line, f/p - deep elf mage
Aim: a deep elf mage, wielding a long sword of holy wrath (noxious fumes, severely wounded, covered in liquid flames)
The flame tongue misses the deep elf mage.
The deep elf mage burns!
The deep elf mage is engulfed in noxious fumes.
The deep elf mage casts a spell at you. The bolt of lightning hits you!
Ouch! That really hurt!
You die...

▓▓▓▓ ▓▓▓ (..####
##.#####
......#####..#§§_#
.......#..#..#!§.#
#.##..)#..#..###e#+###+#
#.###..##+#..#..@.......
##.##..###...'.⌠........
..##.[####...#...######+
..##..###....#.⌠.#
.##...##.....#...#
##....#......#+###
##..##.#.....#..:#
#..#####....#___# ▓▓▓▓
▓▓▓▓▓▓▓▓▓▓


You could see a deep elf mage (burning).

Vanquished Creatures
  A water elemental (D)
  A wizard (D)
  Jessica (D)
  A kobold demonologist (D)
  A human (D)
  A wolf (D)
  An ooze (D)
  2 rats (D)
9 creatures vanquished.

Vanquished Creatures (others)
  2 draconian scorchers (D)
  A hydra (D)
  6 hellions (D)
  2 yaktaurs (D)
  6 plants (D)
17 creatures vanquished.

Grand Total: 26 creatures vanquished

Notes
Turn   | Place    | Note
-------+----------+-------------------------------------------
     0 | D        | Kidiri the Deep Elf Fire Elementalist began the quest for the Orb.
     0 | D        | Reached XP level 1. HP: 10/10 MP: 6/6
    11 | D        | Reached skill level 4 in Spellcasting
    14 | D        | Killed a yaktaur
    94 | D        | Killed a hellion
    96 | D        | Killed a hellion
   100 | D        | Killed a hellion
   110 | D        | Noticed Jessica
   113 | D        | Killed Jessica
   113 | D        | Reached skill level 6 in Spellcasting
   113 | D        | Reached XP level 2. HP: 15/15 MP: 7/11
   113 | D        | Reached XP level 3. HP: 19/19 MP: 7/12
   117 | D        | Learned a level 2 spell: Throw Flame
   121 | D        | Learned a level 3 spell: Conjure Flame
   125 | D        | Learned a level 3 spell: Inner Flame
   152 | D        | Killed a white draconian scorcher
   157 | D        | Reached skill level 7 in Spellcasting
   157 | D        | Reached skill level 5 in Fire Magic
   166 | D        | Killed a white draconian scorcher
   189 | D        | Killed a hellion
   234 | D        | Gained mutation: You are frail. (-10% HP) [potion of mutation]
   234 | D        | Gained mutation: You expend magic power (3 MP) to strengthen your wands. [potion of mutation]
   234 | D        | Gained mutation: You are clumsy. (Dex -2) [potion of mutation]
   234 | D        | Gained mutation: Your flesh is heat resistant. (rF+) [potion of mutation]
   235 | D        | Lost mutation: You expend magic power (3 MP) to strengthen your wands. [potion of mutation]
   235 | D        | Lost mutation: You are clumsy. (Dex -2) [potion of mutation]
   235 | D        | Lost mutation: You are frail. (-10% HP) [potion of mutation]
   235 | D        | Lost mutation: Your flesh is heat resistant. (rF+) [potion of mutation]
   235 | D        | Gained mutation: You are dopey. (Int -2) [potion of mutation]
   235 | D        | Gained mutation: You expend magic power (3 MP) to strengthen your wands. [potion of mutation]
   235 | D        | Gained mutation: You do not regenerate when monsters are visible. [potion of mutation]
   235 | D        | Gained mutation: Your system is resistant to poisons. (rPois) [potion of mutation]
   236 | D        | Lost mutation: You expend magic power (3 MP) to strengthen your wands. [potion of mutation]
   236 | D        | Lost mutation: You are dopey. (Int -2) [potion of mutation]
   236 | D        | Lost mutation: Your system is resistant to poisons. (rPois) [potion of mutation]
   236 | D        | Lost mutation: You do not regenerate when monsters are visible. [potion of mutation]
   236 | D        | Gained mutation: Your flesh is cold resistant. (rC+) [potion of mutation]
   236 | D        | Gained mutation: You have a pair of small antennae on your head. [potion of mutation]
   236 | D        | Gained mutation: Your muscles are strong. (Str +2) [potion of mutation]
   237 | D        | Lost mutation: Your muscles are strong. (Str +2) [potion of mutation]
   237 | D        | Lost mutation: Your flesh is cold resistant. (rC+) [potion of mutation]
   237 | D        | Lost mutation: You have a pair of small antennae on your head. [potion of mutation]
   237 | D        | Gained mutation: You expend magic power (3 MP) to strengthen your wands. [potion of mutation]
   237 | D        | Gained mutation: You are robust. (+10% HP) [potion of mutation]
   238 | D        | Lost mutation: You expend magic power (3 MP) to strengthen your wands. [potion of mutation]
   238 | D        | Lost mutation: You are robust. (+10% HP) [potion of mutation]
   238 | D        | Gained mutation: Your body sometimes deteriorates upon taking damage. [potion of mutation]
   238 | D        | Gained mutation: You are frail. (-10% HP) [potion of mutation]
   238 | D        | Gained mutation: You can translocate small distances at will. [potion of mutation]
   238 | D        | Gained mutation: You are somewhat resistant to further mutation. [potion of mutation]
   247 | D        | Noticed a water elemental
   251 | D        | Killed a water elemental
   251 | D        | Reached skill level 9 in Spellcasting
   251 | D        | Reached skill level 5 in Conjurations
   251 | D        | Reached XP level 4. HP: 21/21 MP: 10/17
   258 | D        | Learned a level 4 spell: Sticky Flame
   295 | D        | Found a radiant altar of Vehumet.
   296 | D        | Found a deep blue altar of Sif Muna.
   296 | D        | Found an ancient bone altar of Kikubaaqudgha.
   296 | D        | Noticed a wizard
   298 | D        | Killed a wizard
   298 | D        | Reached XP level 5. HP: 11/25 MP: 14/19
   299 | D        | Noticed a rust devil
   301 | D        | Reached skill level 10 in Spellcasting
   306 | D        | Killed a hellion
   323 | D        | Learned a level 5 spell: Fireball
   326 | D        | Killed a hellion
   327 | D        | Learned a level 3 spell: Mephitic Cloud
   331 | D        | Became a worshipper of Vehumet
   380 | D        | Killed a six-headed hydra
   461 | D        | Killed a yaktaur
   472 | D        | Found a glowing silver altar of Zin.
   473 | D        | Found a glowing golden altar of the Shining One.
   473 | D        | Found a white marble altar of Elyvilon.
   473 | D        | Noticed a deep elf mage
   480 | D        | Killed from afar by a deep elf mage

Vault maps used:
D:        dungeon_sprint_mu

Skill      XL: |  1  2  3  4  5 |
---------------+----------------+-----
Spellcasting   | 6 9 10 | 10.2
Conjurations   | 3 5 |  5.8
Fire Magic     | 4 6 |  6.7
Dodging        | |  2.4
Stealth        | |  2.4

Action                   |  1- 3 |  4- 6 || total
-------------------------+-------+-------++-------
 Cast: Flame Tongue      |    16 |     5 ||    21
       Conjure Flame     |     1 |       ||     1
       Throw Flame       |     1 |       ||     1
       Sticky Flame      |       |     3 ||     3
       Mephitic Cloud    |       |     2 ||     2
  Use: Potion            |     5 |       ||     5
       Scroll            |     1 |       ||     1
Armor: Robe              |     1 |     1 ||     2
Dodge: Dodged            |     2 |     3 ||     5

Table legend:
 A = Spawn XP
 B = Non-spawn XP
 C = Spawn XP percentage of total XP
 D = Spawn monster count
 E = Non-spawn monster count
 F = Spawn count percentage of total count
 G = Total turns spent on level
                    A         B        C        D         E        F      G
               +---------+---------+-------+---------+---------+-------+---------
         Total |       0 |     241 |   0.0 |       0 |       9 |   0.0 |   480
               +---------+---------+-------+---------+---------+-------+---------
             D |       0 |     241 |   0.0 |       0 |       9 |   0.0 |   480
               +---------+---------+-------+---------+---------+-------+---------
